| TOP OF THE 1ST |
|
Wichita Aeros batting - Pitching for Oklahoma City 89ers : LHP Mark Langston
|
|
Pitching: LHP Mark Langston
|
|
|
Batting: LHB Omar Guerrero
|
0-0: Foul Ball, location: 2F 0-1: Ball 1-1: Foul Ball, location: 2F 1-2: Ground out 3-1 (Groundball, 34, EV 98.8 MPH)
|
|
Batting: RHB Greg Cypret
|
0-0: Called Strike 0-1: Ball 1-1: Ball 2-1: Foul Ball, location: 2F 2-2: Foul Ball, location: 2F 2-2: DOUBLE (Line Drive, 5D, EV 105.0 MPH)
|
|
Batting: RHB Bill Schroeder
|
0-0: Ball 1-0: Foul Ball, location: 2F 1-1: Ball 2-1: Called Strike 2-2: Ball 3-2: Ground out 1-3 (Groundball, 15S, EV 66.9 MPH)
|
|
Batting: LHB Glenn Gulliver
|
0-0: Ball 1-0: Ball 2-0: Called Strike 2-1: Ball 3-1: Called Strike 3-2: Foul Ball, location: 2F 3-2: Strikes out swinging
|
| Top of the 1st over - 0 runs, 1 hit, 0 errors, 1 left on base; Wichita 0 - Oklahoma City 0 |
| BOTTOM OF THE 1ST |
|
Oklahoma City 89ers batting - Pitching for Wichita Aeros : LHP Darrell Jackson
|
|
Pitching: LHP Darrell Jackson
|
|
|
Batting: RHB David Green
|
0-0: Called Strike 0-1: Ball 1-1: SINGLE (Line Drive, 7LS, EV 89.4 MPH)
|
|
Batting: RHB John Christensen
|
0-0: Swinging Strike 0-1: Ball 1-1: Called Strike 1-2: Ball 2-2: SINGLE (Line Drive, 56D, EV 95.0 MPH) David Green to second
|
|
Batting: RHB Cecil Fielder
|
0-0: Ball 1-0: Ball 2-0: Fly out, F7 (Flyball, 7LS, EV 79.4 MPH)
|
|
Batting: RHB Glenn Braggs
|
0-0: Fly out, F9 (Flyball, 9LM, EV 81.9 MPH)
|
|
Batting: RHB Tim Tolman
|
0-0: Ball 1-0: Ball 2-0: Foul Ball, location: 2F 2-1: SINGLE (Line Drive, 89S, EV 95.6 MPH) David Green to third John Christensen to second Runner from 3rd tries for Home, SAFE, throw by RF to home
|
|
Batting: RHB Nick Esasky
|
0-0: SINGLE (Flyball, 6D, EV 95.0 MPH) John Christensen to third Tim Tolman to second Runner from 3rd tries for Home, SAFE, throw by CF to home
|
|
Batting: RHB Joe Redfield
|
0-0: Ball 1-0: Ball 2-0: Called Strike 2-1: Swinging Strike 2-2: Ball 3-2: Ground out 6-3 (Groundball, 6, EV 86.9 MPH)
|
| Bottom of the 1st over - 2 runs, 4 hits, 0 errors, 2 left on base; Wichita 0 - Oklahoma City 2 |
| TOP OF THE 2ND |
|
Wichita Aeros batting - Pitching for Oklahoma City 89ers : LHP Mark Langston
|
|
Batting: RHB Gary House
|
0-0: Called Strike 0-1: Ball 1-1: Ball 2-1: Ball 3-1: Foul Ball, location: 2F 3-2: Foul Ball, location: 2F 3-2: Base on Balls
|
|
Batting: SHB Gary Pettis
|
0-0: Ground out 5-3 (Groundball, 5S, EV 65.6 MPH) Gary House to second
|
|
Batting: LHB James Pellack
|
0-0: Ball 1-0: Foul Ball, location: 2F 1-1: Foul Ball, location: 2F 1-2: Ball 2-2: Strikes out looking
|
|
Batting: RHB Julio Collazo
|
0-0: Ground out U3 (Groundball, 3S, EV 70.0 MPH)
|
| Top of the 2nd over - 0 runs, 0 hits, 0 errors, 1 left on base; Wichita 0 - Oklahoma City 2 |
| BOTTOM OF THE 2ND |
|
Oklahoma City 89ers batting - Pitching for Wichita Aeros : LHP Darrell Jackson
|
|
Batting: RHB Danny Jasso
|
0-0: Ball 1-0: Ball 2-0: Swinging Strike 2-1: Fly out, F7 (Flyball, 7, EV 92.5 MPH)
|
|
Batting: RHB Ron Tingley
|
0-0: Foul Ball, location: 2F 0-1: Called Strike 0-2: Ball 1-2: Ball 2-2: Foul Ball, location: 2F 2-2: Foul Ball, location: 2F 2-2: Strikes out swinging
|
|
Batting: RHB David Green
|
0-0: Ball 1-0: Called Strike 1-1: Ground out 6-3 (Groundball, 6, EV 81.9 MPH)
|
| Bottom of the 2nd over - 0 runs, 0 hits, 0 errors, 0 left on base; Wichita 0 - Oklahoma City 2 |
| TOP OF THE 3RD |
|
Wichita Aeros batting - Pitching for Oklahoma City 89ers : LHP Mark Langston
|
|
Batting: LHB Jesus Ramos
|
0-0: Called Strike 0-1: Foul Ball, location: 2F 0-2: Fly out, F5 (Line Drive, 5, EV 65.0 MPH)
|
|
Batting: LHB Omar Guerrero
|
0-0: Ground out 3-1 (Groundball, 34, EV 102.5 MPH)
|
|
Batting: RHB Greg Cypret
|
0-0: Called Strike 0-1: Foul Ball, location: 2F 0-2: Ball 1-2: Strikes out swinging
|
| Top of the 3rd over - 0 runs, 0 hits, 0 errors, 0 left on base; Wichita 0 - Oklahoma City 2 |
| BOTTOM OF THE 3RD |
|
Oklahoma City 89ers batting - Pitching for Wichita Aeros : LHP Darrell Jackson
|
|
Batting: RHB John Christensen
|
0-0: Called Strike 0-1: Foul Ball, location: 2F 0-2: Strikes out swinging
|
|
Batting: RHB Cecil Fielder
|
0-0: Ball 1-0: Foul Ball, location: 2F 1-1: Ball 2-1: Called Strike 2-2: Ball 3-2: Strikes out swinging
|
|
Batting: RHB Glenn Braggs
|
0-0: Called Strike 0-1: Ball 1-1: Ball 2-1: Ball 3-1: Called Strike 3-2: Ground out 5-3 (Groundball, 56S, EV 91.9 MPH)
|
| Bottom of the 3rd over - 0 runs, 0 hits, 0 errors, 0 left on base; Wichita 0 - Oklahoma City 2 |
| TOP OF THE 4TH |
|
Wichita Aeros batting - Pitching for Oklahoma City 89ers : LHP Mark Langston
|
|
Batting: RHB Bill Schroeder
|
0-0: Swinging Strike 0-1: Fly out, F8 (Flyball, 89XD, EV 100.6 MPH)
|
|
Batting: LHB Glenn Gulliver
|
0-0: Ball 1-0: Fly out, F7 (Flyball, 7LM, EV 96.9 MPH)
|
|
Batting: RHB Gary House
|
0-0: Ball 1-0: Ball 2-0: Ball 3-0: Called Strike 3-1: Called Strike 3-2: Base on Balls
|
|
Batting: SHB Gary Pettis
|
0-0: Ball 1-0: Ball 2-0: Called Strike 2-1: Foul Ball, location: 2F 2-2: Foul Ball, location: 2F 2-2: Foul Ball, location: 2F 2-2: Fly out, F8 (Line Drive, 8LD, EV 104.4 MPH)
|
| Top of the 4th over - 0 runs, 0 hits, 0 errors, 1 left on base; Wichita 0 - Oklahoma City 2 |
| BOTTOM OF THE 4TH |
|
Oklahoma City 89ers batting - Pitching for Wichita Aeros : LHP Darrell Jackson
|
|
Batting: RHB Tim Tolman
|
0-0: Called Strike 0-1: Foul Ball, location: 2F 0-2: Ball 1-2: Fly out, F3 (Popup, 3SF, EV 73.8 MPH)
|
|
Batting: RHB Nick Esasky
|
0-0: Fly out, F8 (Flyball, 8LS, EV 91.9 MPH)
|
|
Batting: RHB Joe Redfield
|
0-0: Called Strike 0-1: Ball 1-1: Ball 2-1: Ball 3-1: Swinging Strike 3-2: Strikes out swinging
|
| Bottom of the 4th over - 0 runs, 0 hits, 0 errors, 0 left on base; Wichita 0 - Oklahoma City 2 |
| TOP OF THE 5TH |
|
Wichita Aeros batting - Pitching for Oklahoma City 89ers : LHP Mark Langston
|
|
Batting: LHB James Pellack
|
0-0: Ball 1-0: Ball 2-0: Ball 3-0: Base on Balls
|
|
Batting: RHB Julio Collazo
|
0-0: Called Strike 0-1: Swinging Strike 0-2: Strikes out swinging
|
|
Batting: LHB Jesus Ramos
|
0-0: Called Strike 0-1: Ball 1-1: Fielders Choice at 2nd, 5-4 (Groundball, 56, EV 101.9 MPH)
|
|
Batting: LHB Omar Guerrero
|
0-0: Ball 1-0: Called Strike 1-1: Ball 2-1: Ball 3-1: Foul Ball, location: 2F 3-2: SINGLE (Line Drive, 9LS, EV 95.6 MPH) Jesus Ramos to second Jesus Ramos to third
|
|
Batting: RHB Greg Cypret
|
0-0: Ball 1-0: Ball 2-0: Called Strike 2-1: Ball 3-1: Called Strike 3-2: Ground out 4-3 (Groundball, 34, EV 106.3 MPH)
|
| Top of the 5th over - 0 runs, 1 hit, 0 errors, 2 left on base; Wichita 0 - Oklahoma City 2 |
| BOTTOM OF THE 5TH |
|
Oklahoma City 89ers batting - Pitching for Wichita Aeros : LHP Darrell Jackson
|
|
Batting: RHB Danny Jasso
|
0-0: Ball 1-0: Called Strike 1-1: Ball 2-1: Fly out, F7 (Flyball, 7, EV 96.9 MPH)
|
|
Batting: RHB Ron Tingley
|
0-0: Foul Ball, location: 2F 0-1: Ball 1-1: Ground out 4-3 (Groundball, 4, EV 81.3 MPH)
|
|
Batting: RHB David Green
|
0-0: Ball 1-0: Called Strike 1-1: Foul Ball, location: 2F 1-2: Fly out, F9 (Flyball, 9S, EV 89.4 MPH)
|
| Bottom of the 5th over - 0 runs, 0 hits, 0 errors, 0 left on base; Wichita 0 - Oklahoma City 2 |
| TOP OF THE 6TH |
|
Wichita Aeros batting - Pitching for Oklahoma City 89ers : LHP Mark Langston
|
|
Batting: RHB Bill Schroeder
|
0-0: Foul Ball, location: 2F 0-1: Ball 1-1: Swinging Strike 1-2: Strikes out swinging
|
|
Batting: LHB Glenn Gulliver
|
0-0: Called Strike 0-1: Foul Ball, location: 2F 0-2: Ball 1-2: Foul Ball, location: 2F 1-2: Fly out, F8 (Flyball, 8RM, EV 93.1 MPH)
|
|
Batting: RHB Gary House
|
0-0: Called Strike 0-1: Ball 1-1: Ball 2-1: Foul Ball, location: 2F 2-2: Foul Ball, location: 2F 2-2: Ball 3-2: Strikes out swinging
|
| Top of the 6th over - 0 runs, 0 hits, 0 errors, 0 left on base; Wichita 0 - Oklahoma City 2 |
| BOTTOM OF THE 6TH |
|
Oklahoma City 89ers batting - Pitching for Wichita Aeros : LHP Darrell Jackson
|
|
Batting: RHB John Christensen
|
0-0: Ball 1-0: Swinging Strike 1-1: Swinging Strike 1-2: Strikes out swinging
|
|
Batting: RHB Cecil Fielder
|
0-0: Called Strike 0-1: Ball 1-1: Called Strike 1-2: Strikes out swinging
|
|
Batting: RHB Glenn Braggs
|
0-0: SINGLE (Groundball, 6MD, EV 106.3 MPH)
|
|
Batting: RHB Tim Tolman
|
0-0: Called Strike 0-1: Ball 1-1: Ball 2-1: Foul Ball, location: 2F 2-2: Fly out, F9 (Flyball, 9S, EV 87.5 MPH)
|
| Bottom of the 6th over - 0 runs, 1 hit, 0 errors, 1 left on base; Wichita 0 - Oklahoma City 2 |
| TOP OF THE 7TH |
|
Wichita Aeros batting - Pitching for Oklahoma City 89ers : LHP Mark Langston
|
|
Batting: SHB Gary Pettis
|
0-0: Called Strike 0-1: Ground out 6-3 (Groundball, 6, EV 105.0 MPH)
|
|
Batting: LHB James Pellack
|
0-0: Called Strike 0-1: Ball 1-1: Foul Ball, location: 2F 1-2: Strikes out swinging
|
|
Batting: RHB Julio Collazo
|
0-0: Fly out, F3 (Popup, 3S, EV 78.1 MPH)
|
| Top of the 7th over - 0 runs, 0 hits, 0 errors, 0 left on base; Wichita 0 - Oklahoma City 2 |
| BOTTOM OF THE 7TH |
|
Oklahoma City 89ers batting - Pitching for Wichita Aeros : LHP Darrell Jackson
|
|
Batting: RHB Nick Esasky
|
0-0: Called Strike 0-1: Ground out 4-3 (Groundball, 4, EV 76.3 MPH)
|
|
Batting: RHB Joe Redfield
|
0-0: Fly out, F8 (Flyball, 89D, EV 100.0 MPH)
|
|
Batting: RHB Danny Jasso
|
0-0: Fly out, F8 (Flyball, 78D, EV 102.5 MPH)
|
| Bottom of the 7th over - 0 runs, 0 hits, 0 errors, 0 left on base; Wichita 0 - Oklahoma City 2 |
| TOP OF THE 8TH |
|
Wichita Aeros batting - Pitching for Oklahoma City 89ers : LHP Mark Langston
|
|
Now at C: Robert Bailey
|
|
|
Batting: LHB Jesus Ramos
|
0-0: Called Strike 0-1: Ball 1-1: Swinging Strike 1-2: Strikes out swinging
|
|
Batting: LHB Omar Guerrero
|
0-0: Ball 1-0: Called Strike 1-1: Called Strike 1-2: Foul Ball, location: 2F 1-2: Ball 2-2: Ground out 6-3 (Groundball, 6MS, EV 65.6 MPH)
|
|
Batting: RHB Greg Cypret
|
0-0: Foul Ball, location: 2F 0-1: Ball 1-1: Ball 2-1: Swinging Strike 2-2: Reached on error, E6 (Groundball, 6, EV 91.3 MPH)
|
|
Batting: RHB Bill Schroeder
|
0-0: Ball 1-0: Fielders Choice at 2nd, 5-4 (Groundball, 5, EV 90.0 MPH)
|
| Top of the 8th over - 0 runs, 0 hits, 1 error, 1 left on base; Wichita 0 - Oklahoma City 2 |
| BOTTOM OF THE 8TH |
|
Oklahoma City 89ers batting - Pitching for Wichita Aeros : LHP Darrell Jackson
|
|
Batting: RHB Ron Tingley
|
0-0: Called Strike 0-1: Ground out 6-3 (Groundball, 6S, EV 85.0 MPH)
|
|
Batting: RHB David Green
|
0-0: Ball 1-0: Ball 2-0: Ground out U3 (Groundball, 34, EV 82.5 MPH)
|
|
Batting: RHB John Christensen
|
0-0: Called Strike 0-1: Ball 1-1: Ball 2-1: Foul Ball, location: 2F 2-2: Foul Ball, location: 2F 2-2: Ball 3-2: Base on Balls
|
|
Batting: RHB Robert Bailey
|
0-0: Foul Ball, location: 2F 0-1: SINGLE (Line Drive, 89M, EV 105.6 MPH) John Christensen to second
|
|
Batting: RHB Glenn Braggs
|
0-0: Called Strike 0-1: Called Strike 0-2: Ball 1-2: Ball 2-2: DOUBLE (Line Drive, 3D, EV 93.8 MPH) John Christensen scores Robert Bailey to third Runner from 3rd tries for Home, SAFE, throw by RF to home
|
|
Batting: RHB Tim Tolman
|
0-0: Intentional Walk
|
|
Batting: RHB Nick Esasky
|
0-0: Fielders Choice at 2nd, 5-4 (Groundball, 56, EV 97.5 MPH)
|
| Bottom of the 8th over - 2 runs, 2 hits, 0 errors, 2 left on base; Wichita 0 - Oklahoma City 4 |
| TOP OF THE 9TH |
|
Wichita Aeros batting - Pitching for Oklahoma City 89ers : LHP Mark Langston
|
|
Batting: LHB Glenn Gulliver
|
0-0: Foul Ball, location: 2F 0-1: Ball 1-1: Ball 2-1: Ball 3-1: Called Strike 3-2: Base on Balls
|
|
Batting: RHB Gary House
|
0-0: Ball 1-0: Ball 2-0: Ball 3-0: Base on Balls Glenn Gulliver to second
|
|
Batting: SHB Gary Pettis
|
0-0: Ball 1-0: Grounds into double play, 4-6-3 (Groundball, 4, EV 103.8 MPH) Glenn Gulliver to third
|
|
Batting: LHB James Pellack
|
0-0: Ball 1-0: Swinging Strike 1-1: Ball 2-1: Ball 3-1: Ground out 4-3 (Groundball, 34, EV 106.3 MPH)
|
| Top of the 9th over - 0 runs, 0 hits, 0 errors, 1 left on base; Wichita 0 - Oklahoma City 4 |
|